 Dungeon Crawl Stone Soup version 0.21.1-1-g345015f (webtiles) character file.

10 diana the Poker (level 2, -1/22 HPs)
             Began as a Merfolk Gladiator on May 29, 2018.
             Was an Initiate of Ashenzari.
             Slain by a gnoll
             ... wielding a +0 flail
              (5 damage)
             ... on level 1 of the Dungeon.
             The game lasted 00:02:12 (528 turns).

diana the Poker (Merfolk Gladiator)                  Turns: 528, Time: 00:02:12

Health: -1/22      AC:  6    Str: 18    XL:     2   Next: 20%
Magic:  2/2        EV: 16    Int:  7    God:    Ashenzari [......]
Gold:   24         SH:  0    Dex: 15    Spells: 1/1 levels left

rFire    . . .     SeeInvis .   a - +0 trident
rCold    . . .     Gourm    .   (no shield)
rNeg     . . .     Faith    .   b - +0 leather armour
rPois    .         Spirit   .   c - +0 helmet
rElec    .         Reflect  .   (no cloak)
rCorr    .         Harm     .   (no gloves)
MR       .....                  (no boots)
Stlth    +.........             (no amulet)
HPRegen  0.07/turn              j - +4 ring of strength
MPRegen  0.08/turn              (no ring)

@: hasted, very quick
A: change form in water, swift swim, stealthy swim, repulsion field 1, yellow
scales 1, wild magic 1
a: Curse Item, Renounce Religion


You were on level 1 of the Dungeon.
You worshipped Ashenzari.
Ashenzari was noncommittal.
You were not hungry.

You visited 1 branch of the dungeon, and saw 2 of its levels.

You collected 24 gold pieces.

Inventory:

Hand Weapons
 a - a +0 trident (weapon)
Missiles
 d - 3 throwing nets (quivered)
Armour
 b - a +0 leather armour (worn)
 c - a +0 helmet (worn)
Jewellery
 j - a +4 ring of strength (left hand)
Scrolls
 e - a scroll of teleportation {unknown}
 k - a scroll of random uselessness {unknown}
Potions
 g - a potion of mutation
 i - a potion of might {unknown}
Comestibles
 f - a ration


   Skills:
 - Level 2.1 Fighting
 + Level 4.9 Polearms
 - Level 2.0 Throwing
 + Level 4.4 Dodging


You had one spell level left.
You didn't know any spells.

Dungeon Overview and Level Annotations

Branches:
Dungeon (2/15)

Altars:
Ashenzari


Innate Abilities, Weirdness & Mutations

You revert to your normal form in water.
You are very nimble and swift while swimming.
You are very stealthy in the water. (Stealth+)
You are surrounded by a mild repulsion field. (EV +2)
You are partially covered in yellow scales. (AC +2)
Your spells are a little harder to cast, but a little more powerful.


Message History

Yellow scales grow over part of your body.
You begin to radiate repulsive energy.
You feel less in control of your magic. The gnoll closely misses you.
You are too injured to fight recklessly!
You are too injured to fight recklessly!
You are too injured to fight recklessly!
You are too injured to fight recklessly!
You hit the gnoll.
The gnoll is heavily wounded.
You hit the gnoll.
The gnoll is heavily wounded.
The gnoll barely misses you. x2
You closely miss the gnoll.
The gnoll is heavily wounded.
The gnoll hits you with a flail.
* * * LOW HITPOINT WARNING * * *
The gnoll completely misses you.
It was a potion of haste.
You feel yourself speed up. The gnoll hits you with a flail.
You die...

#.##.....)#.....##
#..##.....#....##.
#...##....#...##..
#....##...#..##...
#g....##..#.##....
#g.....######.....
#g......#...#.....
#g#######._.######
#@......#...'.....
#.......######....
#......##.#..##...
##....##..#...##..
#...##...#....##.
#..##....#.....##
#.##.....#......#
###......#.......
####.###.......###.


You could see 4 gnolls.

Vanquished Creatures
  A dart slug (D:1)
  3 bats (D:1)
  2 hobgoblins (D:1)
  A frilled lizard (D:1)
  2 rats (D:1)
9 creatures vanquished.

Notes
Turn   | Place    | Note
-------+----------+-------------------------------------------
     0 | D:1      | diana the Merfolk Gladiator began the quest for the Orb.
     0 | D:1      | Reached XP level 1. HP: 16/16 MP: 1/1
   107 | D:1      | Reached XP level 2. HP: 19/22 MP: 2/2
   200 | D:1      | Found a shattered altar of Ashenzari.
   242 | D:1      | Became a worshipper of Ashenzari the Shackled
   524 | D:1      | Gained mutation: You are partially covered in yellow scales. (AC +2) [potion of mutation]
   524 | D:1      | Gained mutation: You are surrounded by a mild repulsion field. (EV +2) [potion of mutation]
   524 | D:1      | Gained mutation: Your spells are a little harder to cast, but a little more powerful. [potion of mutation]
   528 | D:1      | Slain by a gnoll

Action                   || total
-------------------------++-------
Melee: Trident           ||    21
  Use: Potion            ||     2
 Stab: Sleeping          ||     3
Armor: Leather armour    ||     2
Dodge: Dodged            ||    15
